Unix xNetHack Version 8.0.0 - last build Jun 13 2023 01:05:28 (4b7ecc64c373f7294607d497be3f7ce1783331ac). Game began 2023-06-19 12:18:53, ended 2023-06-19 16:54:03. stenno, lawful female human Samurai -------------------------- |>%........d.@g))).......| |.......----------------.| -------.------ |.| |...........| |)| |0.........0| |)| --------.----| |)| |....%.......| |)| |............| |.| -----.-------- ------|.| |........e.| --|.....|.| |..........| |.+.....|.| |.........-- |-|.....|.| -------.---- |.+... ...| |........| |-|..$$.|-- |........| |.+$$$$0| |...------ --|$$$..| ----- ------- Stenno the Kunoichi St:18/01 Dx:14 Co:18 In:8 Wi:9 Ch:8 Lawful Dlvl:3 $:0 HP:0(68) Pw:28(28) AC:4 Exp:8 T:5311 Latest messages: The 1st ya misses the gargoyle. The 2nd ya hits the gargoyle. In what direction? l You shoot 2 ya. The 1st ya misses the gargoyle. The 2nd ya misses the gargoyle. In what direction? l The ya misses the gargoyle. In what direction? l The ya misses the gargoyle. In what direction? l The ya misses the gargoyle. In what direction? l The ya misses the gargoyle. In what direction? l You shoot 2 ya. The 1st ya misses the gargoyle. The 2nd ya misses the gargoyle. You stop. Your large dog is in the way! You swap places with your large dog. a - an uncursed very rusty corroded +2 katana (weapon in hand) {40}. c - an uncursed +0 yumi (alternate weapon; not wielded) {30}. The large dog drops a warg corpse. The large dog misses the gargoyle. The large dog misses the gargoyle. The large dog misses the gargoyle. The gargoyle's thick hide deflects the large dog's attack. The large dog misses the gargoyle. You swap places with your large dog. You see here a warg corpse. The large dog picks up a warg corpse. You hit the gargoyle! The gargoyle claws you! The gargoyle claws you! The gargoyle bites! The large dog drops a warg corpse. You rend the gargoyle! The gargoyle claws you! The gargoyle claws you! The gargoyle bites! The gargoyle's thick hide blocks your attack. The gargoyle claws you! The gargoyle claws you! The gargoyle bites! You see here a warg corpse. You miss the gargoyle. The gargoyle hits! The gargoyle claws you! You die... Do you want your possessions identified? [ynq] (y) q Inventory: Inventory: 818/975 weight (41/52 slots) Weapons d - 14 uncursed +0 ya (in quiver) {14} c - an uncursed +0 yumi (alternate weapon; not wielded) {30} A - an uncursed +0 wooden elven dagger {3} a - an uncursed very rusty corroded +2 katana (weapon in hand) {40} Armor s - an uncursed rusty +0 orcish helm (being worn) {23} e - an uncursed rustproof +0 splint mail (being worn) {300} Comestibles z - 2 uncursed slime molds {10} r - 2 uncursed apples {4} l - 3 uncursed cram rations {45} p - an uncursed fortune cookie {1} G - an uncursed gunyoki {20} J - an uncursed lizard corpse {10} Scrolls N - an uncursed scroll of confuse monster {5} M - an uncursed scroll of taming {5} O - a blessed scroll of teleportation {5} Spellbooks j - an uncursed spellbook of extra healing {45} Potions Q - an uncursed potion of fruit juice {20} K - an uncursed potion of sleeping {20} Rings k - an uncursed +1 ring of adornment {3} L - an uncursed +1 ring of gain constitution {3} n - an uncursed ring of levitation {3} v - an uncursed ring of protection from shape changers {3} R - an uncursed ring of protection from shape changers {3} H - an uncursed ring of searching {3} Wands m - an uncursed wand of create monster (0:12) {7} o - an uncursed wand of create monster (0:11) {7} D - an uncursed wand of magic missile (0:4) {7} x - an uncursed wand of magic missile (0:2) {7} g - a blessed wand of make invisible (0:4) {7} t - an uncursed wand of striking (0:5) {7} Tools h - an uncursed bag of holding containing 14 items {121} F - an uncursed blindfold {2} f - an uncursed oil lamp {20} w - an uncursed iron pea whistle {3} C - an uncursed tallow candle {2} b - an uncursed towel {2} Gems/Stones q - 2 uncursed worthless pieces of black glass {2} y - 3 uncursed worthless pieces of orange glass {3} E - an uncursed worthless piece of red glass {1} I - an uncursed worthless piece of violet glass {1} u - an uncursed worthless piece of yellowish brown glass {1} Contents of the bag of holding: 366 gold pieces an uncursed slime mold an uncursed candy bar labeled "Wonka Bar" an uncursed cram ration 2 uncursed tripe rations a blessed tin of hobbit meat an uncursed lichen corpse an uncursed scroll of blank paper an uncursed scroll of earth a cursed scroll of earth an uncursed spellbook of healing an uncursed spellbook of remove curse an uncursed potion of monster detection a blessed potion of restore ability Stenno the Samurai's attributes: Background: You were a Kunoichi, a level 8 female human Samurai. You were lawful, on a mission for Amaterasu Omikami who was opposed by Raijin (neutral) and Susanowo (chaotic). You were heterosexual. You were in Sokoban, on level 3. You entered the dungeon 5311 turns ago. There was a new moon in effect when your adventure ended. You had 1578 experience points, 982 more were needed to attain level 9. Basics: You had 0 out of 68 hit points. You had all 28 energy points (spell power). Your armor class was 4. Your wallet was empty, but you had 366 zorkmids stashed away in your pack. Autopickup was on for '$/?=!' plus thrown. Final Characteristics: Your strength was 18/01 (limit:18/100). Your dexterity was 14 (limit:18). Your constitution was 18 (limit:18). Your intelligence was 8 (limit:18). Your wisdom was 9 (limit:18). Your charisma was 8 (limit:18). Final Status: You were not hungry. You were unencumbered. You were wielding a long sword. You were skilled in long sword. Final Attributes: You were piously aligned. You were telepathic. You were warded. You were fast. You are dead. Miscellaneous: You disabled loading of bones levels. Total elapsed playing time was 37 minutes and 30 seconds. Major events: Turn 1: stenno the lawful female human Samurai entered the dungeon 323: entered the Gnomish Mines 382: attained the rank of Ronin (level 3) 1412: attained the rank of Kunoichi (level 6) 2554: entered Sokoban 2799: completed 1st Sokoban level 3330: completed 2nd Sokoban level 3844: completed 3rd Sokoban level 4555: completed 4th Sokoban level 5311: killed by a gargoyle Vanquished creatures: a giant mimic a stalker 2 wargs a xan a gargoyle 2 giant beetles a cockatrice a lynx a panther a leprechaun a scorpion a gnome ruler a lizard a raven 2 soldier ants a rock piercer 2 ponies 2 yellow lights a violet fungus 3 gnome leaders 2 gnomish wizards a gray ooze a paper golem 5 giant ants 4 floating eyes a kobold shaman 4 hill orcs a rabid rat a centipede 3 giant bats a monkey 2 werejackals 6 coyotes a hobbit 2 giant rats a brown mold 2 yellow molds a green mold 3 red molds 18 gnomes a gnome zombie 2 geckos 6 jackals 2 foxes 3 kobolds a goblin a sewer rat 4 grid bugs 4 lichens 4 newts 115 creatures vanquished. No species were genocided or became extinct. Voluntary challenges: You read items or engraved 3 times. You never genocided any monsters. You never polymorphed an object. You never changed form. You never touched an artifact. You used no wishes. You never scared an enemy with impunity. You were celibate. You never generated conflict. You did not violate any of the special Sokoban rules. Achievements: You entered a shop. You entered the Gnomish Mines. You attained the rank of Ronin. You entered a temple. You attained the rank of Kunoichi. You entered Sokoban. Dungeon overview: The Dungeons of Doom: levels 1 to 7 Level 1: A fountain. Level 2: A general store, a fountain. Stairs down to The Gnomish Mines. Level 3: Level 4: "closed shop" A fountain. Level 5: Level 6: Many fountains. Oracle of Delphi. Level 7: Stairs up to Sokoban, level 6. The Gnomish Mines: levels 3 to 5 Level 3: Level 4: Level 5: "MAGIC MARKER" Many shops, a temple, some fountains. Sokoban: levels 6 up to 3 Level 3: <- You were here. Solved. Final resting place for you, killed by a gargoyle. Level 4: Solved. Level 5: Solved. Level 6: Solved. Game over: __________ / \ / REST \ / IN \ / PEACE \ / \ | stenno | | 366 Au | | killed by a | | gargoyle | | | | | | 2023 | *| * * * | * _________)/\\_//(\/(/\)/\//\/|_)_______ Sayonara stenno the Samurai... You died in Sokoban on dungeon level 3 with 6972 points, and 366 pieces of gold, after 5311 moves. You were level 8 with a maximum of 68 hit points when you died.